SKY
INDIANAPOLIS IGNITION @ CINCINNATI REDS
09/24/2052
 
TOP OF THE 1ST
Indianapolis Ignition batting - Pitching for Cincinnati Reds : RHP Ben Howell
Pitching: RHP Ben Howell
Batting: RHB Wendell Dominique 0-0: DOUBLE (Line Drive, 5D, EV 96.3 MPH)
Batting: LHB Belero Aguilar 0-0: Ball
1-0: SINGLE (Groundball, 6S, EV 71.9 MPH) (infield hit)
Wendell Dominique to third
Batting: LHB Brandon Wright 0-0: Ball
1-0: Swinging Strike
1-1: Ball
2-1: Foul Ball, location: 3F
2-2: Strikes out looking
Belero Aguilar is caught stealing 2nd base 2-6
Batter strikes out.
Batting: LHB Ryan Penryn 0-0: Called Strike
0-1: Foul Ball, location: 3F
0-2: Ball
1-2: Fly out, F9 (Flyball, 9S, EV 88.1 MPH)
Top of the 1st over - 0 runs, 2 hits, 0 errors, 1 left on base; Indianapolis 0 - Cincinnati 0
BOTTOM OF THE 1ST
Cincinnati Reds batting - Pitching for Indianapolis Ignition : LHP Vince Anthony
Pitching: LHP Vince Anthony
Batting: LHB Lloyd Crosier 0-0: Swinging Strike
0-1: DOUBLE (Line Drive, 5D, EV 94.4 MPH)
Batting: LHB Mike Chappelle 0-0: Ball
1-0: Ball
2-0: Ball
3-0: Foul Ball, location: 2F
3-1: Fly out, F8 (Flyball, 8LD, EV 83.1 MPH)
Batting: SHB D.J. Boucher 0-0: Called Strike
0-1: Ball
1-1: Ball
2-1: Swinging Strike
2-2: Foul Ball, location: 7LDF
2-2: Ball
3-2: Base on Balls
Batting: LHB Glen Kirkendall 0-0: Ball
1-0: Ball
2-0: Ball
3-0: Called Strike
3-1: Base on Balls
Lloyd Crosier to third
D.J. Boucher to second
Batting: RHB Pierre Johnson 0-0: Ball
1-0: Ball
2-0: Foul Ball, location: 2F
2-1: Grounds into double play, 4-6-3 (Groundball, 4, EV 108.1 MPH)
Bottom of the 1st over - 0 runs, 1 hit, 0 errors, 2 left on base; Indianapolis 0 - Cincinnati 0
TOP OF THE 2ND
Indianapolis Ignition batting - Pitching for Cincinnati Reds : RHP Ben Howell
Batting: SHB Benjamin Nang 0-0: Called Strike
0-1: Ball
1-1: Foul Ball, location: 23FF
1-2: Strikes out swinging
Batting: RHB Jason Stafford 0-0: Swinging Strike
0-1: Foul Ball, location: 3SF
0-2: Strikes out swinging
Batting: LHB E.J. Sadowski 0-0: DOUBLE (Groundball, 3L, EV 98.8 MPH)
Batting: SHB Randy Kennedy 0-0: Foul Ball, location: 2F
0-1: Foul Ball, location: 25FF
0-2: Ball
1-2: Ball
2-2: Strikes out swinging
Top of the 2nd over - 0 runs, 1 hit, 0 errors, 1 left on base; Indianapolis 0 - Cincinnati 0
BOTTOM OF THE 2ND
Cincinnati Reds batting - Pitching for Indianapolis Ignition : LHP Vince Anthony
Batting: RHB José Maria Andres 0-0: Ball
1-0: Ball
2-0: Called Strike
2-1: Ball
3-1: DOUBLE (Line Drive, 89D, EV 107.5 MPH)
Batting: RHB Ben Howell 0-0: Foul Ball, location: 2F
0-1: Called Strike
0-2: Strikes out looking
Batting: RHB Coty Cavett 0-0: Fly out, F8 (Flyball, 8LM, EV 97.5 MPH)
Batting: RHB Ethan Hicks 0-0: Ground out 6-3 (Groundball, 6, EV 101.9 MPH)
Bottom of the 2nd over - 0 runs, 1 hit, 0 errors, 1 left on base; Indianapolis 0 - Cincinnati 0
TOP OF THE 3RD
Indianapolis Ignition batting - Pitching for Cincinnati Reds : RHP Ben Howell
Pitching: RHP John Fegley
Batting: RHB Salvador Fernández 0-0: Called Strike
0-1: Called Strike
0-2: Fly out, F9 (Flyball, 9D, EV 84.4 MPH)
Batting: RHB Wendell Dominique 0-0: Swinging Strike
0-1: Ball
1-1: Foul Ball, location: 3SF
1-2: Strikes out swinging
Batting: LHB Belero Aguilar 0-0: Ball
1-0: Ball
2-0: Swinging Strike
2-1: Foul Ball, location: 2F
2-2: Strikes out swinging
Top of the 3rd over - 0 runs, 0 hits, 0 errors, 0 left on base; Indianapolis 0 - Cincinnati 0
BOTTOM OF THE 3RD
Cincinnati Reds batting - Pitching for Indianapolis Ignition : LHP Vince Anthony
Batting: LHB Lloyd Crosier 0-0: Called Strike
0-1: Ground out U3 (Groundball, 34, EV 80.6 MPH)
Batting: LHB Mike Chappelle 0-0: Called Strike
0-1: Swinging Strike
0-2: Foul Ball, location: 2F
0-2: Ball
1-2: Foul Ball, location: 2F
1-2: Strikes out swinging
Batting: SHB D.J. Boucher 0-0: Called Strike
0-1: Ball
1-1: Ball
2-1: Fly out, F7 (Flyball, 78M, EV 95.6 MPH)
Bottom of the 3rd over - 0 runs, 0 hits, 0 errors, 0 left on base; Indianapolis 0 - Cincinnati 0
TOP OF THE 4TH
Indianapolis Ignition batting - Pitching for Cincinnati Reds : RHP John Fegley
Batting: LHB Brandon Wright 0-0: Ball
1-0: DOUBLE (Line Drive, 5D, EV 98.8 MPH)
Batting: LHB Ryan Penryn 0-0: Ball
1-0: Ball
2-0: Ball
3-0: Called Strike
3-1: Foul Ball, location: 2F
3-2: Foul Ball, location: 2F
3-2: Strikes out looking
Batting: SHB Benjamin Nang 0-0: Foul Ball, location: 2F
0-1: Swinging Strike
0-2: Fly out, F7 (Flyball, 7S, EV 87.5 MPH)
Batting: RHB Jason Stafford 0-0: Swinging Strike
0-1: Ball
1-1: Called Strike
1-2: Strikes out swinging
Top of the 4th over - 0 runs, 1 hit, 0 errors, 1 left on base; Indianapolis 0 - Cincinnati 0
BOTTOM OF THE 4TH
Cincinnati Reds batting - Pitching for Indianapolis Ignition : LHP Vince Anthony
Batting: LHB Glen Kirkendall 0-0: SINGLE (Line Drive, 8RS, EV 100.0 MPH)
Batting: RHB Pierre Johnson 0-0: Called Strike
0-1: Ball
1-1: Foul Ball, location: 2F
1-2: Foul Ball, location: 7LSFF
1-2: Fielders Choice at 2nd, 6-4 (Groundball, 56D, EV 95.0 MPH)
Batting: RHB José Maria Andres 0-0: Called Strike
0-1: Called Strike
0-2: Foul Ball, location: 2F
0-2: Ball
1-2: SINGLE (Line Drive, 6MD, EV 93.8 MPH)
Pierre Johnson to second
Batting: RHB Ben Howell 0-0: Called Strike
0-1: Swinging Strike
0-2: Fly out, F7 (Flyball, 7S, EV 90.0 MPH)
Batting: RHB Coty Cavett 0-0: Ball
1-0: Ball
2-0: Called Strike
2-1: Called Strike
2-2: Ball
3-2: SINGLE (Line Drive, 3D, EV 98.8 MPH)
Pierre Johnson to third
José Maria Andres to second
Pierre Johnson scores
José Maria Andres to third
Batting: RHB Ethan Hicks 0-0: Ball
1-0: Fly out, F8 (Flyball, 8LD, EV 105.0 MPH)
Bottom of the 4th over - 1 run, 3 hits, 0 errors, 2 left on base; Indianapolis 0 - Cincinnati 1
TOP OF THE 5TH
Indianapolis Ignition batting - Pitching for Cincinnati Reds : RHP John Fegley
Batting: LHB E.J. Sadowski 0-0: Called Strike
0-1: Fly out, F4 (Line Drive, 4M, EV 71.3 MPH)
Batting: SHB Randy Kennedy 0-0: Called Strike
0-1: Ball
1-1: Called Strike
1-2: Ball
2-2: Strikes out swinging
Batting: RHB Salvador Fernández 0-0: Called Strike
0-1: Ball
1-1: Ground out 6-3 (Groundball, 6S, EV 85.0 MPH)
Top of the 5th over - 0 runs, 0 hits, 0 errors, 0 left on base; Indianapolis 0 - Cincinnati 1
BOTTOM OF THE 5TH
Cincinnati Reds batting - Pitching for Indianapolis Ignition : LHP Vince Anthony
Pitching: RHP Jimmy Nanney
Batting: LHB Lloyd Crosier 0-0: Called Strike
0-1: Ball
1-1: Called Strike
1-2: Ball
2-2: Strikes out swinging
Batting: LHB Mike Chappelle 0-0: Ball
1-0: Foul Ball, location: 2F
1-1: Ball
2-1: Foul Ball, location: 2F
2-2: Foul Ball, location: 5FF
2-2: Foul Ball, location: 7LSF
2-2: Foul Ball, location: 2F
2-2: Ball
3-2: Base on Balls
Batting: SHB D.J. Boucher 0-0: Ball
1-0: Foul Ball, location: 9LSF
1-1: Ball
2-1: Ball
3-1: 2-RUN HOME RUN (Flyball, 8LXD, EV 105.0 MPH), Distance : 418 ft
Batting: LHB Glen Kirkendall 0-0: Called Strike
0-1: Ball
1-1: Called Strike
1-2: Ball
2-2: Strikes out looking
Batting: RHB Pierre Johnson 0-0: Called Strike
0-1: Foul Ball, location: 2F
0-2: SINGLE (Line Drive, 78S, EV 90.0 MPH)
Batting: RHB José Maria Andres 0-0: SINGLE (Line Drive, 8LS, EV 103.8 MPH)
Pierre Johnson to second
Runner from 2nd tries for 3rd, SAFE, no throw by CF
Batting: RHB Ben Howell 0-0: Fly out, F6 (Line Drive, 6, EV 65.6 MPH)
Bottom of the 5th over - 2 runs, 3 hits, 0 errors, 2 left on base; Indianapolis 0 - Cincinnati 3
TOP OF THE 6TH
Indianapolis Ignition batting - Pitching for Cincinnati Reds : RHP John Fegley
Batting: RHB Wendell Dominique 0-0: Foul Ball, location: 2F
0-1: Ball
1-1: Ball
2-1: Called Strike
2-2: Foul Ball, location: 7LDF
2-2: Foul Ball, location: 5DF
2-2: Fly out, F4 (Popup, 34, EV 55.0 MPH)
Batting: LHB Belero Aguilar 0-0: Ball
1-0: Ball
2-0: Foul Ball, location: 2F
2-1: Ball
3-1: Base on Balls
Batting: LHB Brandon Wright 0-0: Ball
1-0: Ball
2-0: Foul Ball, location: 7LDF
2-1: Swinging Strike
2-2: 2-RUN HOME RUN (Flyball, 9LD, EV 97.5 MPH), Distance : 344 ft
Batting: LHB Ryan Penryn 0-0: Ball
1-0: Fly out, F9 (Line Drive, 9, EV 95.6 MPH)
Batting: SHB Benjamin Nang 0-0: Swinging Strike
0-1: Called Strike
0-2: Strikes out looking
Top of the 6th over - 2 runs, 1 hit, 0 errors, 0 left on base; Indianapolis 2 - Cincinnati 3
BOTTOM OF THE 6TH
Cincinnati Reds batting - Pitching for Indianapolis Ignition : RHP Jimmy Nanney
Batting: RHB Coty Cavett 0-0: Foul Ball, location: 2F
0-1: Called Strike
0-2: Strikes out swinging
Batting: RHB Ethan Hicks 0-0: Foul Ball, location: 5FF
0-1: Ball
1-1: Reached on error, E5 (Groundball, 56S, EV 86.9 MPH)
Batting: LHB Lloyd Crosier 0-0: Called Strike
0-1: Fly out, F7 (Flyball, 7D, EV 102.5 MPH)
Batting: LHB Mike Chappelle 0-0: Ball
1-0: Called Strike
1-1: Foul Ball, location: 2F
1-2: Strikes out swinging
Bottom of the 6th over - 0 runs, 0 hits, 1 error, 1 left on base; Indianapolis 2 - Cincinnati 3
TOP OF THE 7TH
Indianapolis Ignition batting - Pitching for Cincinnati Reds : RHP John Fegley
Batting: RHB Jason Stafford 0-0: Ball
1-0: Ball
2-0: Swinging Strike
2-1: Foul Ball, location: 9LMF
2-2: Ball
3-2: Foul Ball, location: 23F
3-2: Ground out 6-3 (Groundball, 6M, EV 83.1 MPH)
Batting: LHB E.J. Sadowski 0-0: Swinging Strike
0-1: Swinging Strike
0-2: Strikes out swinging
Batting: SHB Randy Kennedy 0-0: Called Strike
0-1: Foul Ball, location: 7LSF
0-2: Strikes out swinging
Top of the 7th over - 0 runs, 0 hits, 0 errors, 0 left on base; Indianapolis 2 - Cincinnati 3
BOTTOM OF THE 7TH
Cincinnati Reds batting - Pitching for Indianapolis Ignition : RHP Jimmy Nanney
Batting: SHB D.J. Boucher 0-0: Ball
1-0: Swinging Strike
1-1: Called Strike
1-2: Strikes out looking
Batting: LHB Glen Kirkendall 0-0: Called Strike
0-1: Called Strike
0-2: Ball
1-2: Strikes out swinging
Batting: RHB Pierre Johnson 0-0: Called Strike
0-1: Ball
1-1: Ball
2-1: Swinging Strike
2-2: Foul Ball, location: 5F
2-2: Foul Ball, location: 23F
2-2: Foul Ball, location: 2F
2-2: SINGLE (Groundball, 56D, EV 98.1 MPH)
Pitching: RHP Brian Riley
Batting: RHB José Maria Andres 0-0: Ground out 1-3 (Groundball, 15S, EV 74.4 MPH)
Bottom of the 7th over - 0 runs, 1 hit, 0 errors, 1 left on base; Indianapolis 2 - Cincinnati 3
TOP OF THE 8TH
Indianapolis Ignition batting - Pitching for Cincinnati Reds : RHP John Fegley
Pinch Hitting: RHB Ludwig Edwards 0-0: Ball
1-0: Foul Ball, location: 2F
1-1: Ball
2-1: Ball
3-1: Foul Ball, location: 2F
3-2: Strikes out swinging passed ball, reaches first!
Batting: RHB Wendell Dominique 0-0: Ball
1-0: Called Strike
1-1: Ball
2-1: Called Strike
2-2: Strikes out swinging
Batting: LHB Belero Aguilar 0-0: Ball
1-0: Called Strike
1-1: Fielders Choice at 2nd, 3-6 (Groundball, 3S, EV 91.3 MPH)
Batting: LHB Brandon Wright 0-0: Called Strike
0-1: Called Strike
0-2: Strikes out swinging
Top of the 8th over - 0 runs, 0 hits, 0 errors, 1 left on base; Indianapolis 2 - Cincinnati 3
BOTTOM OF THE 8TH
Cincinnati Reds batting - Pitching for Indianapolis Ignition : RHP Brian Riley
Pitching: LHP Allan Spincic
Now at SS: Blake Bustamante
Batting: RHB Ben Howell 0-0: Foul Ball, location: 9LSF
0-1: Foul Ball, location: 2F
0-2: Strikes out swinging
Batting: RHB Coty Cavett 0-0: Ball
1-0: Ball
2-0: Foul Ball, location: 3SF
2-1: Swinging Strike
2-2: Strikes out swinging
Batting: RHB Ethan Hicks 0-0: Ball
1-0: Called Strike
1-1: Foul Ball, location: 3FF
1-2: Strikes out swinging
Bottom of the 8th over - 0 runs, 0 hits, 0 errors, 0 left on base; Indianapolis 2 - Cincinnati 3
TOP OF THE 9TH
Indianapolis Ignition batting - Pitching for Cincinnati Reds : RHP John Fegley
Pitching: RHP Andrés Velasco
Now at 1B: José Maria Andres
Now at 2B: Rey Rubio
Now at 3B: Glen Kirkendall
Now in RF: Austin Pula
Batting: LHB Ryan Penryn 0-0: Called Strike
0-1: Swinging Strike
0-2: Ball
1-2: Strikes out looking
Batting: SHB Benjamin Nang 0-0: Foul Ball, location: 2F
0-1: Fly out, F4 (Popup, 3S, EV 85.0 MPH)
Batting: RHB Jason Stafford 0-0: Foul Ball, location: 25F
0-1: Called Strike
0-2: Foul Ball, location: 2F
0-2: Ball
1-2: Ground out 6-3 (Groundball, 6, EV 105.0 MPH)
Top of the 9th over - 0 runs, 0 hits, 0 errors, 0 left on base; Indianapolis 2 - Cincinnati 3
Thursday, May 9th , 2024 - OOTP Baseball 24.11 Build 85